 Dungeon Crawl Stone Soup version 0.25.1-2-g60ff931df9 (webtiles) character file.

Game seed: 288702900872174450

976 Arcadio the Firebug (level 8, 0/41 HPs)
             Began as a Gargoyle Fire Elementalist on Dec 4, 2020.
             Slain by a river rat (7 damage)
             ... summoned by Eustachio
             ... on level 5 of the Dungeon.
             The game lasted 00:26:48 (6463 turns).

Arcadio the Firebug (Gargoyle Fire Elementalist)    Turns: 6463, Time: 00:26:49

Health: 0/41       AC:  7    Str: 12    XL:     8   Next: 16%
Magic:  17/20      EV: 14    Int: 18    God:
Gold:   270        SH:  0    Dex: 10    Spells: 2/11 levels left

rFire    . . .     SeeInvis .   b - +3 dagger (speed)
rCold    . . .     Gourm    .   (no shield)
rNeg     + . .     Faith    .   A - +0 robe
rPois    ∞         Spirit   .   (no helmet)
rElec    +         Reflect  .   y - scarf {+Inv}
rCorr    +         Harm     .   (no gloves)
MR       .....                  (no boots)
Stlth    ++........             u - amulet of the acrobat
HPRegen  0.13/turn              o - ring of resist corrosion
MPRegen  0.17/turn              C - ring of magical power

@: no status effects
A: negative energy resistance 1, electricity resistance, unbreathing,
petrification resistance, rot immunity, AC +5
a: Evoke Invisibility


You were on level 5 of the Dungeon.
You were hungry.

You visited 1 branch of the dungeon, and saw 6 of its levels.

You collected 270 gold pieces.

Inventory:

Hand Weapons
 a - a +4 hunting sling
 b - a +3 dagger of speed (weapon)
 e - a +2 short sword of protection
 q - a +2 dagger of holy wrath
 E - a +2 vorpal hand axe
Missiles
 g - 142 stones (quivered)
 D - a throwing net
Armour
 m - a +2 pair of boots
 y - a scarf of invisibility (worn)
 A - a +0 robe (worn)
Jewellery
 o - a ring of resist corrosion (left hand)
 u - an amulet of the acrobat (around neck)
 C - a ring of magical power (right hand)
Wands
 r - a wand of acid (20)
 s - a wand of iceblast (11)
 v - a wand of polymorph (6)
Scrolls
 d - a scroll of magic mapping {unknown}
 f - a scroll of remove curse
 k - 2 scrolls of amnesia {unknown}
 p - a scroll of immolation {unknown}
 x - 2 scrolls of enchant weapon
Potions
 h - 2 potions of lignification
 i - 2 potions of resistance
 l - 3 potions of curing
 n - a potion of brilliance
 t - a potion of invisibility {unknown}
 w - 2 potions of stabbing {unknown}
 B - a potion of magic {unknown}
Comestibles
 c - 7 rations
 j - a chunk of flesh


   Skills:
 + Level 5.2 Dodging
 - Level 2.1 Stealth
 - Level 2.0 Spellcasting
 + Level 3.8 Conjurations
 + Level 6.7 Fire Magic


You had 2 spell levels left.
You knew the following spells:

 Your Spells              Type           Power        Failure   Level  Hunger
a - Foxfire               Conj/Fire      ###.         1%          1    #......
b - Conjure Flame         Conj/Fire      ###.....     6%          3    ###....
c - Fireball              Conj/Fire      ###.......   50%         5    ######.

Your spell library contained the following spells:

 Spells                   Type           Power        Failure   Level  Hunger
 Inner Flame              Hex/Fire       ##......     14%         3    ###....
 Sticky Flame             Conj/Fire      ###.....     21%         4    #####..


Dungeon Overview and Level Annotations

Branches:
Dungeon (6/15)
 Temple: D:4-7

Altars:
Yredelemnul

Shops:
D:4 =

Annotations:
D:5 Eustachio


Innate Abilities, Weirdness & Mutations

You are resistant to torment.
Your stone body is resilient. (AC +5)
You are immune to poison.
You resist negative energy. (rN+)
You are resistant to electric shocks. (rElec)
You can survive without breathing.
You are immune to petrification.
You are immune to rotting.


Message History

Your foxfire dissipates!
Eustachio mumbles some strange words.
Casting: Foxfire (safe; 1% risk of failure)
Confirm with . or Enter, or press ? or * to list all spells.
You conjure some foxfire!
The river rat barely misses you.
The shadow imp laughs crazily.
Your foxfire dissipates!
Eustachio mumbles some strange words.
Eustachio blinks!
Eustachio misses you.
You hit Eustachio.
Eustachio is almost dead.
Eustachio gestures wildly while chanting.
Eustachio blinks!
The shadow imp gestures at you.
You struggle to resist.
The bat completely misses you.
There is a stone staircase leading up here.
The bat barely misses you. x2; The river rat bites you!
You die...

........# #>...# ######.##.# .
.....<.[#####..#.## #...br.##.#
....###.........@.###.#######.#
.#..# #######.......r.## #.#
.#..# ###........§5..# #.#
..o.# #...#[......##.######.#
.#.o# #.###.......##....##†?#
.##.#####.#.....rb..#####....##
..#.........##..@...# ###..§.@.
......#...####......# ##§...r
......#.#.....####### ..####
^................ ...
#.....#######.### #..## ##.#.##
#.# #.## #.#.# #. #. #.#.# #.
#...#


You could see Eustachio, a river rat (summoned), a shadow imp (summoned), a bat
(summoned) and a rat (summoned).

Vanquished Creatures
  Grinder (D:4)
  An orc warrior (D:6)
  A necrophage (D:5)
  2 scorpions
  A howler monkey (D:5)
  2 crimson imps
  4 orc priests
  An orc wizard (D:4)
  2 worker ants
  A worker ant zombie (D:6)
  9 adders
  An ooze (D:4)
  A leopard gecko (D:3)
  13 orcs
  6 giant cockroaches
  6 goblins
  10 hobgoblins
  14 jackals
  3 quokkas
  A ball python (D:3)
  7 bats
  3 frilled lizards
  5 kobolds
  A leopard gecko skeleton (D:4)
  A quokka skeleton (D:5)
  7 rats
104 creatures vanquished.

Vanquished Creatures (others)
  284 foxfires
284 creatures vanquished.

Grand Total: 388 creatures vanquished

Notes
Turn   | Place    | Note
-------+----------+-------------------------------------------
     0 | D:1      | Arcadio the Gargoyle Fire Elementalist began the quest for
                  | the Orb.
     0 | D:1      | Reached XP level 1. HP: 10/10 MP: 3/3
   463 | D:1      | Reached XP level 2. HP: 10/15 MP: 5/5
  1521 | D:2      | Reached XP level 3. HP: 16/19 MP: 6/6
  2619 | D:2      | Found a basalt altar of Yredelemnul.
  2681 | D:3      | Learned a level 3 spell: Conjure Flame
  2740 | D:3      | Reached XP level 4. HP: 16/24 MP: 3/7
  2848 | D:3      | Reached skill level 4 in Fire Magic
  3413 | D:3      | Reached XP level 5. HP: 17/28 MP: 4/8
  4056 | D:4      | Noticed Grinder
  4101 | D:4      | Killed Grinder
  4101 | D:4      | Reached skill level 5 in Fire Magic
  4101 | D:4      | Reached XP level 6. HP: 10/32 MP: 3/9
  4490 | D:4      | Learned a level 5 spell: Fireball
  4632 | D:4      | Found Obachai's Jewellery Boutique.
  4830 | D:5      | Entered Level 5 of the Dungeon
  4851 | D:5      | Reached XP level 7. HP: 36/36 MP: 6/10
  5301 | D:6      | Reached skill level 6 in Fire Magic
  5910 | D:5      | Reached skill level 5 in Dodging
  5975 | D:4      | Reached XP level 8. HP: 36/41 MP: 11/11
  6290 | D:5      | Noticed Eustachio
  6435 | D:5      | HP: 1/41 [river rat[Eustachio] (7)]
  6463 | D:5      | Slain by a river rat

Illustrated notes

Levels and vault maps discovered:
D:1:      minmay_arrival_hallway, layout_basic, chequers_serial_rivers_micro_c,
          minmay_pentomino_w2
D:2:      layout_loops_corners, lemuel_coloured_pillars_altar, first_ration,
          st_stairs_7, grunt_ministairs_1
D:3:      minmay_bubble_buster, layout_basic
D:4:      layout_cave_pools, serial_shops, nicolae_shop_window_shopping,
          uniq_grinder
D:5:      layout_rooms, uniq_eustachio
D:6:      layout_rooms, grunt_temple_overflow_diamond, kennysheep_donut

Skill      XL: |  1  2  3  4  5  6  7 |
---------------+----------------------+-----
Dodging        | 2 3 4 5 |  5.2
Fire Magic     | 4 5 6 |  6.7
Conjurations   | 3 |  3.8
Stealth        | |  2.1
Spellcasting   | |  2.0

Action                   |  1- 3 |  4- 6 |  7- 9 || total
-------------------------+-------+-------+-------++-------
Melee: Club              |    81 |       |       ||    81
       Dagger            |    10 |    86 |   285 ||   381
 Cast: Foxfire           |    33 |    67 |    81 ||   181
       Conjure Flame     |       |     2 |       ||     2
Evoke: Wand              |       |       |     1 ||     1
  Use: Scroll            |     6 |     4 |     3 ||    13
       Potion            |       |       |     5 ||     5
 Stab: Sleeping          |     3 |     3 |       ||     6
  Eat: Chunk             |     6 |     8 |     3 ||    17
       Ration            |       |       |     1 ||     1
Armor: Robe              |    39 |    19 |    87 ||   145
Dodge: Dodged            |    66 |    55 |   199 ||   320
